 Dungeon Crawl Stone Soup version 0.21.1-1-g345015f (webtiles) character file.

81 DiscipleGeek the Cudgeler (level 4, 0/44 HPs)
             Began as a Troll Berserker on Mar 20, 2018.
             Was a Believer of Trog.
             Slain by a centaur (5 damage)
             ... on level 2 of the Dungeon.
             The game lasted 00:09:51 (1239 turns).

DiscipleGeek the Cudgeler (Troll Berserker)         Turns: 1239, Time: 00:09:52

Health: 0/44       AC:  5    Str: 25    XL:     4   Next: 19%
Magic:  3/3        EV: 10    Int:  3    God:    Trog [**....]
Gold:   72         SH:  0    Dex: 10    Spells: 3/3 levels left

rFire    . . .     SeeInvis .   a - +0 mace
rCold    . . .     Gourm    +   (no shield)
rNeg     . . .     Faith    .   p - +0 robe
rPois    .         Spirit   .   (helmet restricted)
rElec    .         Reflect  .   (no cloak)
rCorr    .         Harm     .   (gloves unavailable)
MR       ++...                  (boots unavailable)
Stlth    +++.......             (no amulet)
HPRegen  1.54/turn              d - ring of stealth
MPRegen  0.08/turn              i - ring of stealth

@: regenerating
A: large, unfitting armour, claws 3, fast metabolism 3, gourmand, regeneration
1, shaggy fur 1, tough skin 2
a: Berserk, Trog's Hand, Burn Spellbooks, Renounce Religion


You were on level 2 of the Dungeon.
You worshipped Trog.
Trog was pleased with you.
You were not hungry.

You visited 1 branch of the dungeon, and saw 2 of its levels.

You collected 72 gold pieces.

Inventory:

Hand Weapons
 a - a +0 mace (weapon)
 b - a +0 hunting sling
Missiles
 f - 18 sling bullets (quivered)
 g - 106 stones
Armour
 m - a +0 animal skin
 p - a +0 robe (worn)
Jewellery
 d - a ring of stealth (left claw)
 i - a ring of stealth (right claw)
Scrolls
 l - a scroll of identify
 o - a scroll of random uselessness {unknown}
Potions
 e - a potion of curing {unknown}
 h - a potion of degeneration {unknown}
 j - a potion of lignification {unknown}
 k - 2 potions of flight
 n - a potion of heal wounds {unknown}
Comestibles
 c - 3 rations


   Skills:
 + Level 2.9 Fighting
 + Level 3.6 Maces & Flails
 + Level 3.0 Dodging
 + Level 0.2 Stealth


You had 3 spell levels left.
You didn't know any spells.

Dungeon Overview and Level Annotations

Branches:
Dungeon (2/15)

Altars:


Innate Abilities, Weirdness & Mutations

You are too large for most types of armour.
You have claws for hands.
Your metabolism is lightning-fast.
You like to eat raw meat.
Your natural rate of healing is unusually fast.
You are covered in fur. (AC +1)
You have very tough skin. (AC +2)


Message History

The centaur shoots an arrow.
The arrow hits you!
You barely miss the centaur.
The centaur unwields an uncursed shortbow.
The centaur barely misses you. The centaur hits you.
You completely miss the centaur. The centaur hits you. The centaur misses you.
You closely miss the centaur. The centaur hits you.
* * * LOW HITPOINT WARNING * * *
You barely miss the centaur. The centaur barely misses you.
The centaur hits you but does no damage.
You hit the centaur.
The centaur is lightly wounded.
The centaur hits you!
* * * LOW HITPOINT WARNING * * *
The centaur barely misses you.
Your skin crawls.
You feel resistant to hostile enchantments.
You feel somewhat more hungry. The centaur hits you.
* * * LOW HITPOINT WARNING * * *
The centaur hits you.
You die...

#.. ... ### ## ##.# ...
# #.. . ..# #.# .# #.##
#. #.# #.##.####
#.##.##.##.####........
#.# ...(.............
#.# #.#(..###†c.# ##.#
#........@..#
.#.######...#####.<#
...................#
##.######....#####.#
...# ##..##.###...
.#######.#.###...>...
.# #...........# .## .#
#.##.##.##.## ##
.####.###.#.#.#


You could see a centaur.

Vanquished Creatures
  3 adders (D:2)
  A worm (D:2)
  3 dart slugs
  4 bats (D:1)
  A giant cockroach (D:2)
  6 goblins
  3 hobgoblins (D:2)
  6 jackals (D:1)
  A quokka (D:2)
  2 frilled lizards
  8 kobolds
  7 rats
  2 plants (D:1)
47 creatures vanquished.

Notes
Turn   | Place    | Note
-------+----------+-------------------------------------------
     0 | D:1      | DiscipleGeek the Troll Berserker began the quest for the Orb.
     0 | D:1      | Reached XP level 1. HP: 22/22 MP: 0/0
   153 | D:1      | Reached XP level 2. HP: 29/29 MP: 1/1
   391 | D:1      | Reached ** piety under Trog
   391 | D:1      | Reached XP level 3. HP: 33/36 MP: 2/2
  1110 | D:2      | Reached XP level 4. HP: 42/44 MP: 3/3
  1229 | D:2      | Noticed a centaur
  1239 | D:2      | Slain by a centaur

Skill      XL: |  1  2  3 |
---------------+----------+-----
Maces & Flails | 3 |  3.6
Dodging        | 3 |  3.0
Fighting       | |  2.9
Stealth        | |  0.2

Action                   |  1- 3 |  4- 6 || total
-------------------------+-------+-------++-------
Melee: Mace              |   166 |    18 ||   184
 Fire: Hunting sling     |     7 |     2 ||     9
Invok: Trog's Hand       |       |     1 ||     1
  Use: Scroll            |     4 |       ||     4
 Stab: Sleeping          |     3 |       ||     3
  Eat: Chunk             |    10 |     3 ||    13
Armor: Animal skin       |    65 |     3 ||    68
       Robe              |       |     2 ||     2
Dodge: Dodged            |    80 |     9 ||    89
